[Event "Titled Tuesday Blitz January 03 Late 2023"]
[White "Naroditsky, Daniel"]
[Black "Babazada, Khazar"]
[WhiteFideId "2026961"]
[BlackFideId "13413554"]
[WhiteElo "2618"]
[BlackElo "2474"]
[Result "1-0"]
[Round "04"]
[TimeControl "180+2"]
[Date "2023.01.03"]
[WhiteClock "0:01:26"]
[BlackClock "0:01:08"]

1. e4 c6 2. d4 d5 3. e5 c5 4. Nf3 Nc6 5. dxc5 Bg4 6. c3 e6 7. Be3 Nge7 8. Nbd2 Nf5 9. Bd4 Be7 10. h3 Bxf3 11. Nxf3 O-O 12. Bd3 Nfxd4 13. cxd4 f6 14. exf6 Bxf6 15. O-O g6 16. Bc2 Bg7 17. Ba4 Ne7 18. Re1 Rxf3 19. Qxf3 Nf5 20. Rad1 Qh4 21. Rxe6 Nxd4 22. Re8+ Rxe8 23. Qxd5+ Re6 24. Bd7 Qe7 25. Rxd4 1-0


[Site "https://www.chess.com"]

[Event "Titled Tuesday Blitz January 03 Late 2023"]
[White "Caruana, Fabiano"]
[Black "Remizov, Yaroslav"]
[WhiteFideId "2020009"]
[BlackFideId "34134015"]
[WhiteElo "2764"]
[BlackElo "2421"]
[Result "1-0"]
[Round "04"]
[TimeControl "180+2"]
[Date "2023.01.03"]
[WhiteClock "0:01:34"]
[BlackClock "0:00:01"]

1. d4 Nf6 2. Nc3 d5 3. Bf4 e6 4. e3 Bb4 5. Ne2 c5 6. a3 Bxc3+ 7. Nxc3 cxd4 8. exd4 Nc6 9. Qd2 Bd7 10. O-O-O Rc8 11. Kb1 Na5 12. h4 Qb6 13. f3 a6 14. g4 Bb5 15. Nxb5 axb5 16. Qb4 Nc6 17. Bxb5 Nd7 18. Bxc6 Qxc6 19. Rh2 Nb6 20. b3 Kd7 21. a4 Ra8 22. Qc5 Rhc8 23. Qxc6+ Rxc6 24. h5 Nc8 25. Kb2 Ne7 26. Re2 Rca6 27. Bd2 b5 28. a5 Nc6 29. b4 Nxd4 30. Re3 Nc6 31. Be1 Rc8 32. Kb3 Na7 33. Rc3 Rac6 34. Rxc6 Rxc6 35. Bc3 f6 36. h6 gxh6 37. Bxf6 Ke8 38. Rh1 Nc8 39. Rxh6 e5 40. g5 Nd6 41. Bxe5 1-0


[Site "https://www.chess.com"]

[Event "Titled Tuesday Blitz January 03 Late 2023"]
[White "Zakhartsov, Vladimir"]
[Black "Paravyan, David"]
[WhiteFideId "4145097"]
[BlackFideId "4194985"]
[WhiteElo "2552"]
[BlackElo "2601"]
[Result "1-0"]
[Round "04"]
[TimeControl "180+2"]
[Date "2023.01.03"]
[WhiteClock "0:00:08"]
[BlackClock "0:00:06"]

1. c4 Nf6 2. Nc3 d5 3. cxd5 Nxd5 4. g3 e5 5. Bg2 Nxc3 6. bxc3 Bd6 7. Nf3 O-O 8. d3 Nc6 9. O-O Rb8 10. Nd2 Bg4 11. h3 Be6 12. Nc4 Qd7 13. Kh2 b5 14. Nxd6 cxd6 15. f4 f6 16. e4 Rfc8 17. f5 Bf7 18. g4 b4 19. c4 h6 20. h4 Qe8 21. g5 Bh5 22. Bf3 Bxf3 23. Qxf3 Nd4 24. Qg4 hxg5 25. hxg5 Kf7 26. Bd2 Ke7 27. Kg2 Kd7 28. Rh1 Kc6 29. Rh7 Rc7 30. Rah1 Qc8 31. Be3 Nc2 32. Bf2 b3 33. Qd1 Qb7 34. gxf6 gxf6 35. Rxc7+ Qxc7 36. axb3 Nb4 37. d4 Qg7+ 38. Kf3 Rg8 39. Rg1 Qh7 40. Rxg8 Qxg8 41. d5+ Kb7 42. Qg1 Qh7 43. Qg6 Qh1+ 44. Kg3 Nd3 45. Qf7+ Kc8 46. Qe8+ Kc7 47. Qc6+ Kd8 48. Qxd6+ Kc8 49. Qf8+ Kd7 50. Qf7+ Kc8 51. Qe8+ Kc7 52. d6+ Kxd6 53. Qd8+ Kc6 54. Qxd3 Qh5 55. Qd5+ Kc7 56. Qc5+ Kd7 57. Qxa7+ Ke8 58. Qb8+ Kf7 59. Qa7+ Kg8 60. Qe3 Qd1 61. Qf3 Qc2 62. c5 Kf7 63. b4 Qc1 64. b5 Qg5+ 65. Qg4 Qc1 66. Qg6+ Ke7 67. Qg7+ Ke8 68. Qxf6 Qf4+ 69. Kg2 Qxe4+ 70. Kg1 Qg4+ 71. Kh2 Qf4+ 72. Bg3 Qd2+ 73. Kh3 Qd1 74. Qe6+ Kf8 75. Qd6+ 1-0


[Site "https://www.chess.com"]

[Event "Titled Tuesday Blitz January 03 Late 2023"]
[White "Holt, Conrad"]
[Black "Pranav, V"]
[WhiteFideId "2034387"]
[BlackFideId "25060783"]
[WhiteElo "2540"]
[BlackElo "2597"]
[Result "0-1"]
[Round "04"]
[TimeControl "180+2"]
[Date "2023.01.03"]
[WhiteClock "0:00:03"]
[BlackClock "0:00:04"]

1. d4 Nf6 2. c4 Nc6 3. Nf3 e6 4. Nc3 Bb4 5. Qc2 d6 6. Bd2 O-O 7. a3 Bxc3 8. Bxc3 Qe7 9. b4 e5 10. d5 Nd8 11. e4 Nh5 12. g3 f5 13. Bg2 fxe4 14. Qxe4 Bf5 15. Qe3 Nf7 16. O-O Nh6 17. a4 Qd7 18. Qg5 Nf6 19. Rfe1 Bh3 20. Bh1 Rae8 21. b5 Qf7 22. a5 Bg4 23. Ra2 Nxd5 24. Bxe5 Nb4 25. Rd2 Bxf3 26. Bxf3 Rxe5 27. Rxe5 dxe5 28. Bxb7 Qxc4 29. Rd7 Nf7 30. Qe7 Qxb5 31. a6 h5 32. Rxc7 h4 33. gxh4 Qb6 34. Be4 Qd6 35. Kg2 Nxa6 36. Rxa7 Nc5 37. Qxd6 Nxd6 38. Bd5+ Kh7 39. Rc7 Nce4 40. f3 Nf6 41. Bb3 Kh8 42. Re7 Nf5 43. Rxe5 Nxh4+ 44. Kg3 Nxf3 45. Kxf3 Nd7+ 46. Ke4 Nxe5 47. Kxe5 Rf2 48. h3 Kh7 49. Be6 Kh6 50. Bd7 Kg5 51. Ke4 Kh4 52. Ke3 Rf7 53. Bc8 g5 54. Ke4 Kg3 55. Ke3 Rf4 56. Bd7 Rh4 57. Bc8 Rxh3 58. Ke4 Rh8 59. Bd7 Rf8 0-1


[Site "https://www.chess.com"]

[Event "Titled Tuesday Blitz January 03 Late 2023"]
[White "Kollars, Dmitrij"]
[Black "Abdisalimov, Abdimalik"]
[WhiteFideId "12909572"]
[BlackFideId "14206323"]
[WhiteElo "2607"]
[BlackElo "2492"]
[Result "1-0"]
[Round "04"]
[TimeControl "180+2"]
[Date "2023.01.03"]
[WhiteClock "0:01:01"]
[BlackClock "0:00:01"]

1. e4 e5 2. Nf3 Nc6 3. Bc4 Nf6 4. d3 h6 5. O-O d6 6. Nc3 g6 7. h3 Bg7 8. Be3 O-O 9. Qd2 Kh7 10. d4 Nh5 11. Rad1 exd4 12. Nxd4 Nxd4 13. Bxd4 Bxd4 14. Qxd4 Nf4 15. g3 Nxh3+ 16. Kg2 Ng5 17. Rh1 Bg4 18. Rd3 f5 19. e5 Re8 20. f4 Nf3 21. Qd5 Re7 22. e6 c6 23. Qxd6 Qxd6 24. Rxd6 b5 25. Bb3 a5 26. a3 b4 27. Na4 bxa3 28. bxa3 g5 29. Rd3 gxf4 30. gxf4 Rg8 31. Rxf3 Bxf3+ 32. Kxf3 Reg7 33. Ke3 Rg2 34. Re1 R8g7 35. Kd4 Re7 36. Ke5 1-0


[Site "https://www.chess.com"]

[Event "Titled Tuesday Blitz January 03 Late 2023"]
[White "Bluebaum, Matthias"]
[Black "Mardov, Dimitar"]
[WhiteFideId "24651516"]
[BlackFideId "30919495"]
[WhiteElo "2669"]
[BlackElo "2456"]
[Result "1-0"]
[Round "04"]
[TimeControl "180+2"]
[Date "2023.01.03"]
[WhiteClock "0:00:37"]
[BlackClock "0:00:26"]

1. d4 Nf6 2. c4 e6 3. Nc3 Bb4 4. e3 O-O 5. Bd2 d5 6. Nf3 b6 7. cxd5 exd5 8. Rc1 Bb7 9. Bd3 Be7 10. O-O c5 11. Ne5 Nc6 12. a3 Rc8 13. Bf5 Ra8 14. Qf3 Nxe5 15. dxe5 Ne4 16. Rfd1 Ng5 17. Qg3 g6 18. Bb1 Ne6 19. Ba2 d4 20. exd4 Nxd4 21. Bh6 Bh4 22. Qf4 Qe7 23. Rd3 Ne6 24. Qg4 Bg5 25. Bxg5 Qxg5 26. Qxg5 Nxg5 27. f4 Ne6 28. Bxe6 fxe6 29. g3 g5 30. fxg5 Rf5 31. Rd7 Ba6 32. Ne4 Rxe5 33. Nf6+ Kf8 34. Nxh7+ Kg8 35. Nf6+ Kf8 36. g6 Rg5 37. Rf7# 1-0


[Site "https://www.chess.com"]

[Event "Titled Tuesday Blitz January 03 Late 2023"]
[White "Kravtsiv, Martyn"]
[Black "Xiong, Jeffery"]
[WhiteFideId "14113147"]
[BlackFideId "2047640"]
[WhiteElo "2598"]
[BlackElo "2692"]
[Result "0-1"]
[Round "04"]
[TimeControl "180+2"]
[Date "2023.01.03"]
[WhiteClock "0:00:07"]
[BlackClock "0:00:53"]

1. e4 c6 2. Nf3 d5 3. d3 Qc7 4. Nc3 dxe4 5. Nxe4 Bg4 6. h3 Bh5 7. Qe2 Nd7 8. g4 Bg6 9. Ng3 e6 10. Bg2 Bd6 11. Ne4 Bf4 12. Bxf4 Qxf4 13. Nfd2 Ngf6 14. Ng3 h5 15. O-O-O hxg4 16. hxg4 O-O-O 17. Bh3 Ne5 18. Qe3 Qxe3 19. fxe3 Nexg4 20. Bxg4 Nxg4 21. e4 f5 22. exf5 exf5 23. Rdf1 Rxh1 24. Nxh1 Rh8 25. Nc4 Rh3 26. Rg1 Kc7 27. Ng3 Bh7 28. Ne2 g5 29. Nd4 Kd7 30. a4 c5 31. Nb5 Bg8 32. Nxa7 Bxc4 33. dxc4 Ne5 34. b3 g4 35. Nb5 Nf3 36. Rd1+ Ke6 37. a5 g3 38. Nc3 g2 39. Ne2 Ke5 40. Rd8 Nd4 41. Re8+ Kd6 0-1


[Site "https://www.chess.com"]

[Event "Titled Tuesday Blitz January 03 Late 2023"]
[White "Yanchenko, Roman"]
[Black "Tari, Aryan"]
[WhiteFideId "4137329"]
[BlackFideId "1510045"]
[WhiteElo "2466"]
[BlackElo "2642"]
[Result "1/2-1/2"]
[Round "04"]
[TimeControl "180+2"]
[Date "2023.01.03"]
[WhiteClock "0:00:19"]
[BlackClock "0:00:08"]

1. d4 d5 2. c4 e6 3. cxd5 exd5 4. Bf4 Nf6 5. e3 Bd6 6. Bxd6 Qxd6 7. Bd3 O-O 8. Ne2 Nbd7 9. Qc2 c5 10. Nbc3 a6 11. dxc5 Nxc5 12. Bf5 Bxf5 13. Qxf5 g6 14. Qc2 b5 15. a3 Rac8 16. Rd1 Na4 17. Qd2 Nb6 18. Qd4 Rc4 19. Qd3 Ng4 20. h3 Ne5 21. Qd2 b4 22. axb4 Rxb4 23. O-O Nec4 24. Qc1 Nxb2 25. Rd4 Rc8 26. Rxb4 Qxb4 27. Qa1 Rxc3 28. Nxc3 Qxc3 29. Qxa6 N6c4 30. Qa8+ Kg7 31. Qxd5 Nd2 32. Ra1 Nb3 33. Ra7 Qe1+ 34. Kh2 Qxf2 35. Qe5+ Kh6 36. Qf4+ Qxf4+ 37. exf4 Nd3 38. Rxf7 Nbc5 39. f5 Ne5 40. Rc7 Ncd7 41. fxg6 hxg6 42. Ra7 Nf6 43. Ra6 Kg7 44. Ra5 Nc6 45. Ra6 Nd4 46. Ra7+ Kh6 47. Ra2 g5 48. Ra4 Nf5 49. g4 Nh4 50. Ra6 Kg7 51. Kg3 Ne4+ 52. Kh2 Nd2 53. Kg3 Ne4+ 54. Kh2 Kf7 55. Kg1 Nc3 56. Kh2 Ne2 57. Kh1 Nf4 58. Kh2 Kg7 59. Kg3 Nhg6 60. Ra7+ Kh6 61. Ra6 Ne2+ 62. Kf2 Nd4 63. Kg3 Ne2+ 64. Kf2 Nf4 65. Kg3 Kg7 66. Ra5 Ne6 67. Rb5 Ngf4 68. Ra5 Ne2+ 69. Kf2 N2f4 70. Kg3 Kf6 71. h4 Ne2+ 72. Kf2 N2f4 73. h5 Kg7 74. Kg3 Ne2+ 75. Kf2 N2f4 76. Kf3 Kh6 77. Ra6 Kh7 78. Ra7+ Kh6 79. Ke4 Ng7 80. Ra6+ Kh7 81. Ke5 Nfxh5 82. gxh5 Nxh5 83. Kf5 Ng7+ 84. Kf6 Nh5+ 85. Kxg5 Ng7 86. Ra7 Kg8 87. Kf6 Ne8+ 88. Kg6 Kf8 89. Rf7+ Kg8 90. Rf2 Ng7 91. Ra2 Ne8 92. Ra7 Kf8 93. Rd7 Kg8 94. Rf7 Nd6 95. Rf6 Ne8 96. Rf5 Ng7 97. Rf1 Ne8 98. Rf2 Ng7 99. Kf6 Ne8+ 100. Ke7 Ng7 101. Rg2 Kh7 102. Kf6 Nh5+ 103. Kf7 Kh6 104. Rg6+ Kh7 105. Re6 Ng7 106. Re4 Kh6 107. Re1 Nh5 108. Rg1 Kh7 109. Rg6 Nf4 110. Rf6 Nh5 111. Re6 Nf4 112. Re4 Nh5 113. Re6 1/2-1/2


[Site "https://www.chess.com"]

[Event "Titled Tuesday Blitz January 03 Late 2023"]
[White "Saric, Ibro"]
[Black "Keymer, Vincent"]
[WhiteFideId "14401290"]
[BlackFideId "12940690"]
[WhiteElo "2531"]
[BlackElo "2700"]
[Result "0-1"]
[Round "04"]
[TimeControl "180+2"]
[Date "2023.01.03"]
[WhiteClock "0:00:01"]
[BlackClock "0:00:06"]

1. d4 Nf6 2. Nf3 e6 3. c4 d5 4. Nc3 h6 5. cxd5 exd5 6. Bf4 Bd6 7. Bxd6 Qxd6 8. e3 O-O 9. Bd3 c6 10. h3 Re8 11. Qc2 a5 12. O-O Na6 13. a3 Nc7 14. Rab1 Be6 15. Na4 Nd7 16. Rfc1 Qe7 17. Nc5 Nxc5 18. Qxc5 f6 19. Qxe7 Rxe7 20. b4 axb4 21. axb4 Ra3 22. Ne1 Bd7 23. Ra1 Rxa1 24. Rxa1 b5 25. Ra7 Be8 26. Bf5 g6 27. Bg4 h5 28. Bf3 Kf8 29. Nd3 Ne6 30. Ra8 Kg7 31. h4 Bd7 32. Ra7 Kf8 33. g4 hxg4 34. Bxg4 Be8 35. Ra8 Kg7 36. Bxe6 Rxe6 37. Kg2 Re7 38. Kg3 Kf7 39. Nc5 Kg7 40. Nb3 Kf7 41. Na5 Kg7 42. Rc8 Re6 43. Rc7+ Kh6 44. Nb7 g5 45. hxg5+ fxg5 46. Nc5 Rf6 47. Re7 Bh5 48. Re6 Kg7 49. Rxf6 Kxf6 50. f3 Bg6 51. Nd7+ Kf5 52. Ne5 Be8 53. Ng4 Bd7 54. Nf2 Be8 55. Nd3 Bd7 56. Ne5 Be8 57. Ng4 Bd7 58. Nh2 Be8 59. Nf1 Bh5 60. Nd2 g4 61. e4+ Kg5 62. f4+ Kf6 63. e5+ Kf5 64. Nf1 Ke4 65. e6 Kf5 66. e7 Kf6 67. Ne3 Kxe7 68. Nxg4 Ke6 69. Ne3 Kf6 70. Kh4 Bf3 71. Kg3 Bh5 72. Kf2 Bf7 73. Kg2 Bh5 74. Kg3 Ke6 75. Kh4 Be2 76. Kg5 Bd3 77. f5+ Kf7 78. Ng4 Be4 79. Ne5+ Ke7 80. f6+ Ke6 81. f7 Ke7 82. Kh6 Kf8 83. Kg5 Kg7 84. f8=Q+ Kxf8 85. Kf6 Ke8 86. Ke6 c5 87. dxc5 d4 88. Kd6 d3 89. Nxd3 Bxd3 90. Kc7 Ke7 91. c6 Bc4 92. Kb8 Kd6 93. c7 Be6 94. c8=Q Bxc8 95. Kxc8 Kd5 96. Kc7 Kc4 97. Kc6 Kxb4 98. Kd5 Ka3 0-1


[Site "https://www.chess.com"]

[Event "Titled Tuesday Blitz January 03 Late 2023"]
[White "Lazavik, Denis"]
[Black "Maksimovic, Bojan"]
[WhiteFideId "13515110"]
[BlackFideId "14408120"]
[WhiteElo "2544"]
[BlackElo "2486"]
[Result "1-0"]
[Round "04"]
[TimeControl "180+2"]
[Date "2023.01.03"]
[WhiteClock "0:00:25"]
[BlackClock "0:00:01"]

1. d4 Nf6 2. c4 g6 3. g3 Bg7 4. Bg2 O-O 5. Nc3 d6 6. Nf3 Nc6 7. O-O a6 8. h3 Bf5 9. g4 Bd7 10. e4 e5 11. Be3 Re8 12. Rc1 h5 13. g5 Ng4 14. hxg4 hxg4 15. d5 gxf3 16. Bxf3 Nd4 17. Bg4 f5 18. gxf6 Bxf6 19. Kg2 Kg7 20. Rh1 Qc8 21. Bxd7 Qxd7 22. f3 Rh8 23. Qd2 Rxh1 24. Rxh1 Rh8 25. Rxh8 Kxh8 26. Bxd4 exd4 27. Qh6+ Kg8 28. Qxg6+ Qg7 29. Qxg7+ Kxg7 30. Nd1 d3 31. f4 Kg6 32. Kf3 Bd4 33. b3 Kh5 34. Nf2 d2 35. Nd1 Kh4 36. f5 Kg5 37. Ke2 Kf4 38. Kd3 Be5 39. b4 b6 40. a4 a5 41. bxa5 bxa5 42. Kxd2 Kxe4 43. Nf2+ Kd4 44. Ng4 Bg7 45. f6 Bf8 46. f7 Kxc4 47. Nf6 Kd4 48. Kc2 Be7 49. Kb3 Ke5 50. Ng8 Bf8 51. Kc4 Ke4 52. Nf6+ Kf5 53. Nd7 Be7 54. f8=Q+ 1-0


[Site "https://www.chess.com"]

[Event "Titled Tuesday Blitz January 03 Late 2023"]
[White "Kuznetsov, Felix"]
[Black "Dardha, Daniel"]
[WhiteFideId "34147990"]
[BlackFideId "240990"]
[WhiteElo "2254"]
[BlackElo "2631"]
[Result "0-1"]
[Round "04"]
[TimeControl "180+2"]
[Date "2023.01.03"]
[WhiteClock "0:00:01"]
[BlackClock "0:00:02"]

1. e4 e5 2. Nf3 Nc6 3. Bc4 d6 4. c3 Be7 5. O-O g5 6. d4 g4 7. Ne1 h5 8. Be3 h4 9. f4 exf4 10. Bxf4 Nf6 11. Nd2 h3 12. g3 d5 13. exd5 Nxd5 14. Nd3 Be6 15. Bb5 a6 16. Bxc6+ bxc6 17. Ne4 Rh5 18. Qe2 Kf8 19. Bd2 Qc8 20. Rf2 Rf5 21. Raf1 Rxf2 22. Rxf2 f6 23. c4 Kg7 24. cxd5 Bxd5 25. Qe3 Qh8 26. Ng5 Re8 27. Ne6+ Kf7 28. Ne5+ Kg8 29. Ng6 Qh7 30. Ngf4 Bd6 31. Nxd5 cxd5 32. Re2 Qf5 33. Qh6 Rxe6 34. Rxe6 Qxe6 35. Qg6+ Kf8 36. Bh6+ Ke7 37. Qg7+ Ke8 38. Qg6+ Kd7 39. Qh7+ Kc8 40. Bd2 Qe2 41. Qf5+ Kb8 42. Qf2 Qd3 43. Be1 f5 44. Qd2 Qe4 45. Qc3 Qg2# 0-1


[Site "https://www.chess.com"]

[Event "Titled Tuesday Blitz January 03 Late 2023"]
[White "Bjelobrk, Igor"]
[Black "Bortnyk, Mykola"]
[WhiteFideId "4300726"]
[BlackFideId "14120836"]
[WhiteElo "2403"]
[BlackElo "2425"]
[Result "1/2-1/2"]
[Round "04"]
[TimeControl "180+2"]
[Date "2023.01.03"]
[WhiteClock "0:00:11"]
[BlackClock "0:00:07"]

1. Nf3 g6 2. e4 Bg7 3. d4 d6 4. Bd3 Nd7 5. O-O c5 6. c3 Ngf6 7. Re1 O-O 8. h3 a6 9. a4 Rb8 10. a5 b6 11. axb6 Qxb6 12. Nbd2 cxd4 13. cxd4 d5 14. e5 Ne8 15. Ra3 Nc7 16. Nb3 Ne6 17. Na5 Ra8 18. Qa4 Nb8 19. Rb3 Qc7 20. Bd2 Bd7 21. Qa3 Bb5 22. Rc1 Qd7 23. Bxb5 axb5 24. Qb4 Nc7 25. Qc5 Nba6 26. Qc6 Qf5 27. Qc2 Qd7 28. Qc6 Qf5 29. Qc2 Qe4 30. Nc6 Rfe8 31. Ba5 f6 32. Qd1 Bh6 33. Ra1 Rac8 34. Rba3 Qf5 35. Bc3 Qd7 36. Nb4 Nxb4 37. Bxb4 Ne6 38. Ra6 Rc6 39. Qd3 Rec8 40. g3 Rc4 41. Bd2 Bg7 42. Kg2 b4 43. Ra8 Kf7 44. Rxc8 Rxc8 45. Ra6 Rc4 46. b3 Rc8 47. Bxb4 Rb8 48. Ba3 Qb5 49. Qxb5 Rxb5 50. Ra7 Bf8 51. exf6 Kxf6 52. b4 Bh6 53. Kf1 Rb8 54. Ke2 Rc8 55. Kd3 Nc7 56. Rb7 Ra8 57. Bb2 Ne8 58. Kc2 Nd6 59. Rb6 Rc8+ 60. Kb3 Ke6 61. Ne5 Bg7 62. Rc6 Rb8 63. Nd3 Kd7 64. Ra6 Ke8 65. Nc5 Nc4 66. Bc3 Nd6 67. Ra7 Nb5 68. Ra5 Nxd4+ 69. Bxd4 Bxd4 70. Ne6 Bxf2 71. Rxd5 Bxg3 72. b5 Bd6 73. Kc4 Kf7 74. Nd4 Rc8+ 75. Nc6 Bc7 76. Rd7 Kf6 77. Rxe7 h5 78. Rd7 g5 79. Kd5 Bb6 80. Rd6+ Kf7 81. Ne5+ Kg7 82. Rg6+ Kh7 83. Rxg5 Rc5+ 84. Ke6 Rxb5 85. Rxh5+ Kg8 86. Rg5+ Kh7 87. Rh5+ Kg8 88. Rg5+ Kh7 89. Kf5 Bc7 90. Ke6 Bxe5 91. Rxe5 Rb6+ 92. Kf5 Rb3 93. h4 Rg3 94. Re4 Rg8 95. Rg4 Rxg4 96. Kxg4 Kh6 97. Kh3 Kg6 98. Kg3 Kh6 99. h5 Kxh5 1/2-1/2


[Site "https://www.chess.com"]

[Event "Titled Tuesday Blitz January 03 Late 2023"]
[White "Morefield, Jason"]
[Black "Liascovich, Lucas"]
[WhiteFideId "30920825"]
[BlackFideId "108634"]
[WhiteElo "2167"]
[BlackElo "2411"]
[Result "1/2-1/2"]
[Round "04"]
[TimeControl "180+2"]
[Date "2023.01.03"]
[WhiteClock "0:00:13"]
[BlackClock "0:00:25"]

1. d4 d5 2. c4 dxc4 3. e3 Nf6 4. Bxc4 g6 5. Nf3 Bg7 6. O-O O-O 7. Nc3 Ne8 8. Qe2 Nd6 9. Bb3 b5 10. e4 b4 11. Na4 Ba6 12. Qc2 Bxf1 13. Kxf1 Nd7 14. e5 Nf5 15. g4 Nh6 16. h3 c5 17. dxc5 Qc7 18. Bf4 Qc6 19. Ke2 Rac8 20. Be3 Rfd8 21. Qc4 e6 22. Rd1 Qxf3+ 23. Kxf3 Nxe5+ 24. Ke2 Nxc4 25. Rxd8+ Rxd8 26. Bxc4 f5 27. c6 Nf7 28. Bxe6 Be5 29. f4 Bc7 30. g5 Kf8 31. Bxa7 Ke7 32. Bd7 Bxf4 33. Bc5+ Bd6 34. c7 Kxd7 35. cxd8=Q+ Nxd8 36. Nb6+ Kc6 37. Bxd6 Kxd6 38. Nc4+ Kd5 39. Ne3+ Ke4 40. Nc2 Ne6 41. Nxb4 f4 42. a4 Nxg5 43. a5 Ne6 44. Na2 Nd4+ 45. Kf2 Kd5 46. a6 Kc6 47. b4 Kb6 48. Nc3 Kxa6 49. Nd5 g5 50. Nf6 h6 51. Ng8 h5 52. Nf6 h4 53. Ne4 Ne6 54. Nd6 Kb6 55. Kf3 Kc6 56. Ne4 Kb5 57. Kg4 Kxb4 58. Kf5 Nc5 59. Nxg5 Nd3 60. Nf3 Kc4 61. Kg4 Kd5 62. Nxh4 Ke4 63. Kg5 Ne5 64. Kh5 Ke3 65. Kg5 Ke4 66. Kh5 Nd7 67. Kg4 Nf6+ 68. Kg5 Nd5 69. Kg4 Ke3 70. Kg5 Ke4 71. Kg4 Nf6+ 72. Kg5 Nh7+ 73. Kg4 Nf8 74. Nf3 Ng6 75. Ng5+ Ke3 76. h4 Ne5+ 77. Kf5 Nf3 78. Nxf3 Kxf3 79. h5 Kg3 80. h6 f3 81. h7 f2 82. h8=Q f1=Q+ 83. Kg6 Qd3+ 84. Kg7 Qd4+ 85. Kh7 Qh4+ 86. Kg8 Qd8+ 87. Kh7 Qh4+ 88. Kg8 Qd8+ 89. Kh7 Qxh8+ 90. Kxh8 1/2-1/2


[Site "https://www.chess.com"]

[Event "Titled Tuesday Blitz January 03 Late 2023"]
[White "Jacobson, Brandon"]
[Black "Slade, Theodore"]
[WhiteFideId "30901561"]
[BlackFideId "426547"]
[WhiteElo "2556"]
[BlackElo "1995"]
[Result "1-0"]
[Round "04"]
[TimeControl "180+2"]
[Date "2023.01.03"]
[WhiteClock "0:01:28"]
[BlackClock "0:00:46"]

1. Nf3 d5 2. e3 Nf6 3. c4 e6 4. Nc3 b6 5. cxd5 exd5 6. g3 Bd6 7. Bg2 O-O 8. O-O Bb7 9. b3 Nbd7 10. Bb2 Re8 11. Rc1 Ne5 12. Nb5 Nxf3+ 13. Bxf3 Ba6 14. Nxd6 Qxd6 15. Re1 Bd3 16. Bxf6 gxf6 17. Rc3 Be4 18. Bxe4 Rxe4 19. d3 Re5 20. d4 Re7 21. Qg4+ Kh8 22. Rec1 Rg8 23. Qf3 Rd7 24. Rc6 Qe7 25. Qxf6+ Qxf6 26. Rxf6 Rg6 27. Rf5 c6 28. Re5 Kg7 29. Re8 Rc7 30. Rd8 h5 31. Rxd5 h4 32. Rf5 hxg3 33. hxg3 a5 34. a3 Re6 35. d5 Rd6 36. Rxc6 Rcxc6 37. dxc6 Rxc6 38. Rb5 Kf6 39. Kg2 Ke6 40. f4 f5 41. Kf3 Kf6 42. g4 fxg4+ 43. Kxg4 Kf7 44. e4 Rg6+ 45. Kf3 Rh6 46. e5 Rh3+ 47. Ke4 Rh6 48. f5 Rh4+ 49. Kd5 Rh6 50. e6+ Kf6 51. Kd6 Rh3 52. Rxb6 Rd3+ 53. Kc7 Kxf5 54. e7 Re3 55. Kd7 Rd3+ 56. Rd6 Re3 57. e8=Q Rxe8 58. Kxe8 1-0


[Site "https://www.chess.com"]

[Event "Titled Tuesday Blitz January 03 Late 2023"]
[White "Martinez Alcantara, Jose Eduardo"]
[Black "Papasimakopoulos, Alexandros"]
[WhiteFideId "3805662"]
[BlackFideId "4244125"]
[WhiteElo "2619"]
[BlackElo "2401"]
[Result "1-0"]
[Round "04"]
[TimeControl "180+2"]
[Date "2023.01.03"]
[WhiteClock "0:00:49"]
[BlackClock "0:01:59"]

1. e4 e6 2. d4 d5 3. exd5 exd5 4. Nf3 Bd6 5. Bd3 Bg4 6. h3 Bh5 7. O-O Ne7 8. c3 Bg6 9. Re1 O-O 10. Bf1 Nd7 11. Nbd2 Nf6 12. Ne5 c5 13. Nxg6 hxg6 14. Nf3 Nf5 15. Bd3 c4 16. Bxf5 gxf5 17. Bg5 Be7 18. Bxf6 Bxf6 19. Qd2 Qd6 20. Ne5 Rfe8 21. f4 Bh4 22. Re3 Re6 23. g3 Be7 24. Rae1 Re8 25. Nxf7 Kxf7 26. Rxe6 Qxe6 27. Rxe6 Kxe6 28. Qe2+ Kd7 29. Qe5 Kc6 30. Qe6+ Kc7 31. Qf7 Kd8 32. Qxd5+ 1-0


[Site "https://www.chess.com"]

[Event "Titled Tuesday Blitz January 03 Late 2023"]
[White "Sarana, Alexey"]
[Black "Nazari, Arad"]
[WhiteFideId "24133795"]
[BlackFideId "12577324"]
[WhiteElo "2685"]
[BlackElo "2367"]
[Result "1-0"]
[Round "04"]
[TimeControl "180+2"]
[Date "2023.01.03"]
[WhiteClock "0:00:58"]
[BlackClock "0:00:07"]

1. d4 Nf6 2. c4 g6 3. Nc3 d5 4. Nf3 Bg7 5. h4 dxc4 6. e4 c5 7. d5 b5 8. h5 O-O 9. hxg6 fxg6 10. Rh4 Ng4 11. Be2 b4 12. Na4 c3 13. Qc2 h5 14. bxc3 e6 15. Bg5 Qa5 16. Bc4 Ba6 17. Bxa6 Nxa6 18. dxe6 bxc3 19. a3 Rae8 20. e7 Rf7 21. e5 Nxe5 22. Nxe5 Bxe5 23. Qxg6+ Bg7 24. Qxh5 c2+ 25. Kf1 Bxa1 26. Qg6+ 1-0


[Site "https://www.chess.com"]

[Event "Titled Tuesday Blitz January 03 Late 2023"]
[White "Oparin, Grigoriy"]
[Black "Jaferian, Koosha"]
[WhiteFideId "24125890"]
[BlackFideId "12507440"]
[WhiteElo "2667"]
[BlackElo "2233"]
[Result "1-0"]
[Round "04"]
[TimeControl "180+2"]
[Date "2023.01.03"]
[WhiteClock "0:01:08"]
[BlackClock "0:00:01"]

1. b3 e5 2. Bb2 Nc6 3. c4 d6 4. Nc3 g6 5. g3 Bg7 6. Bg2 Nge7 7. e3 O-O 8. Nge2 Bg4 9. O-O Qd7 10. Re1 Bh3 11. Bh1 Rad8 12. d3 Rfe8 13. a3 h5 14. b4 a6 15. Ne4 f6 16. Qd2 h4 17. a4 d5 18. Nc5 Qc8 19. b5 Nb8 20. cxd5 Nxd5 21. d4 Kh7 22. dxe5 Nf4 23. Qb4 Nxe2+ 24. Rxe2 hxg3 25. exf6 gxf2+ 26. Rxf2 Bh6 27. f7 Rxe3 28. Bxb7 Qg4+ 29. Qxg4 Bxg4 30. bxa6 Re7 31. f8=Q Rxf8 32. Rxf8 Bxf8 33. a7 Re2 34. axb8=Q Bxc5+ 35. Kh1 Rxb2 36. Qxc7+ Kh6 37. Qxc5 Rxb7 38. Qe3+ Kh7 39. Qf3 Bxf3+ 40. Kg1 1-0


[Site "https://www.chess.com"]

[Event "Titled Tuesday Blitz January 03 Late 2023"]
[White "Terry, Renato"]
[Black "Kanakaris, Georgios"]
[WhiteFideId "3803457"]
[BlackFideId "4209460"]
[WhiteElo "2520"]
[BlackElo "2391"]
[Result "1-0"]
[Round "04"]
[TimeControl "180+2"]
[Date "2023.01.03"]
[WhiteClock "0:00:26"]
[BlackClock "0:00:02"]

1. e4 d5 2. exd5 Nf6 3. d4 Nxd5 4. c3 e6 5. Bd3 c5 6. dxc5 Bxc5 7. Nf3 Nc6 8. O-O Qc7 9. Nbd2 Nf4 10. Bc2 O-O 11. Ne4 Be7 12. Bxf4 Qxf4 13. Qd3 Rd8 14. Qe2 b6 15. Ng3 Bb7 16. Be4 g6 17. Rad1 h5 18. Qc2 Kg7 19. Ne2 Qc7 20. g3 Rxd1 21. Rxd1 Rd8 22. Rxd8 Nxd8 23. Nf4 Bxe4 24. Qxe4 Qc6 25. Qd3 Qd6 26. Qe4 Qc6 27. Qe2 Bf6 28. Ne5 Qc5 29. Nc4 Nc6 30. a4 Ne5 31. Nxe5 Qxe5 32. Qd3 Qe1+ 33. Kg2 Qc1 34. Qd7 Be5 35. Nxe6+ Kf6 36. Nd8 Qxb2 37. Qxf7+ Kg5 38. Ne6+ Kh6 39. Qf8+ Kh7 40. Ng5# 1-0


[Site "https://www.chess.com"]

[Event "Titled Tuesday Blitz January 03 Late 2023"]
[White "Zierk, Steven"]
[Black "Rendle, Thomas E"]
[WhiteFideId "2034255"]
[BlackFideId "408760"]
[WhiteElo "2488"]
[BlackElo "2375"]
[Result "1-0"]
[Round "04"]
[TimeControl "180+2"]
[Date "2023.01.03"]
[WhiteClock "0:01:06"]
[BlackClock "0:00:51"]

1. e4 e6 2. d4 d5 3. Nc3 Nc6 4. e5 f6 5. Nf3 fxe5 6. dxe5 Nh6 7. Bd3 Nf7 8. Qe2 Bc5 9. h4 Nd4 10. Nxd4 Bxd4 11. Bf4 a6 12. Qg4 O-O 13. Qh5 Nh6 14. Bxh6 gxh6 15. O-O-O Bxc3 16. bxc3 Qe7 17. Qxh6 Qg7 18. Qe3 Qf7 19. Rh3 Qxf2 20. Qg5+ Kh8 21. Rf1 Qxf1+ 22. Bxf1 Rxf1+ 23. Kb2 Bd7 24. Qe7 Bc6 25. Rg3 Rg8 26. Rxg8+ Kxg8 27. Qxe6+ Kg7 28. Qe7+ Rf7 29. Qg5+ Kf8 30. e6 Rf1 31. Qd8+ Kg7 32. Qxc7+ Kf6 33. Qf7+ 1-0


[Site "https://www.chess.com"]